 Dungeon Crawl Stone Soup version 0.31.0-11-ge490571c62 (webtiles) character file.

Game seed: 5404645029373682033

254 Gadfly the Insei (level 5, -2/41 HPs)
             Began as a Demonspawn Monk on Feb 2, 2024.
             Slain by an ogre
             ... wielding a +0 giant club
              (28 damage)
             ... on level 4 of the Dungeon.
             The game lasted 00:05:18 (3797 turns).

Gadfly the Insei (Demonspawn Monk)                  Turns: 3797, Time: 00:05:18

Health: -2/41      AC:  5    Str: 14    XL:     5   Next: 91%
Magic:  5/5        EV: 13    Int: 10    God:
Gold:   249        SH:  0    Dex: 15    Spells: 4/4 levels left

rFire   . . .        b - +1 dagger (venom)
rCold   . . .        (no shield)
rNeg    . . .        a - +1 robe
rPois   .            (no helmet)
rElec   .            (no cloak)
rCorr   .            (no gloves)
SInv    .            (no boots)
Will    .....        (no amulet)
Stlth   +            (no ring)
HPRegen 0.26/turn    (no ring)
MPRegen 0.09/turn

%: no passive effects
@: no status effects
A: molten scales 1, foul stench 1, demonic magic 1, demonic touch 1
a: no special abilities


You were on level 4 of the Dungeon.
You visited 1 branch of the dungeon, and saw 4 of its levels.

You collected 249 gold pieces.

Inventory:

Hand Weapons
 b - a +1 dagger of venom (weapon)
Armour
 a - a +1 robe (worn)
 c - an orb of light
Jewellery
 h - a ring of flight
Wands
 d - a wand of charming (2)
 f - a wand of iceblast (21)
Scrolls
 e - a scroll of enchant weapon {unknown}
 l - a scroll of fear
Potions
 g - 3 potions of curing {unknown}
 i - a potion of ambrosia
 j - a potion of mutation {unknown}
 k - a potion of lignification


   Skills:
 - Level 3.0 Fighting
 + Level 3.3 Dodging
 * Level 4.0 Unarmed Combat
 * Level 2.9 Evocations
 * Level 2.2 Shapeshifting


You had 4 spell levels left.
You didn't know any spells.
Your spell library was empty.

Dungeon Overview and Level Annotations

Branches:
Dungeon (4/15)
 Temple: D:4-7

Altars:
Makhleb
Yredelemnul

Annotations:
D:3 2 runed translucent doors, Cadnt's ghost, amateur HuFi


Innate Abilities, Weirdness & Mutations

You are partially covered in molten scales. (AC +2)
You may rarely emit foul miasma when damaged in melee.
Spells you cast may paralyse adjacent enemies.
Your touch may inflict minor irresistible damage on your foes.


Message History

The orc shouts!
An orc is nearby!
An orc is nearby!
The orc barely misses you.
You closely miss the orc. The orc hits you with a +0 trident.
You barely miss the orc.
You touch the orc!
You kill the orc!
No target in view!
No target in view!
No target in view!
No target in view!
No target in view!
No target in view!
No target in view!
No target in view!
No target in view!
No target in view!
No target in view!
You see here a +0 trident.
You now have 235 gold pieces (gained 7).
You now have 249 gold pieces (gained 14).
An ogre comes into view. It is wielding a +0 giant club.
An ogre is nearby!
The ogre shouts!
The ogre hits you with a +0 giant club!
You barely miss the ogre.
You touch the ogre!
The ogre is moderately wounded.
You hit the ogre.
The ogre is poisoned.
The ogre is heavily wounded.
The ogre barely misses you.
You hit the ogre but do no damage.
The ogre is heavily wounded.
The ogre barely misses you.
You hit the ogre.
The ogre looks as sick as possible!
The ogre is severely wounded.
You hit the ogre.
The ogre is almost dead.
The ogre hits you with a +0 giant club!!
Ouch! That really hurt!
You die...

#.#..#..........#
#.#..#..........#
#.#..#..........#
#.#..#..........#
#.#..#..........#
#.#..#..........#
#.#..#..........#
#.#..#.##########
#.#@.#.# #.#O.#.#
#.#..#.# #.#..#.#
#.#..#.#
##.####.#
#.......#
#######.# ###


You could see an ogre (extremely poisoned).

Vanquished Creatures
  An ogre (D:4)
  A sleepcap (D:3)
  An iguana (D:4)
  3 adders
  A ribbon worm (D:2)
  A dart slug (D:2)
  6 orcs
  9 endoplasms
  3 giant cockroaches
  7 goblins
  4 hobgoblins
  4 jackals (D:1)
  3 quokkas
  9 ball pythons
  6 bats
  5 frilled lizards (D:2)
  9 kobolds
  3 rats
76 creatures vanquished.

Notes
Turn   | Place    | Note
-------+----------+-------------------------------------------
     0 | D:1      | Gadfly the Demonspawn Monk began the quest for the Orb.
     0 | D:1      | Reached XP level 1. HP: 18/18 MP: 1/1
   228 | D:1      | Gained mutation: You are partially covered in molten
                  | scales. (AC +2) [demonic ancestry]
   228 | D:1      | Reached XP level 2. HP: 11/24 MP: 2/2
   388 | D:1      | Reached skill level 3 in Unarmed Combat
   721 | D:1      | Reached skill level 1 in Evocations
  1069 | D:1      | Gained mutation: You may rarely emit foul miasma when
                  | damaged in melee. [demonic ancestry]
  1069 | D:1      | Reached XP level 3. HP: 29/29 MP: 3/3
  1727 | D:2      | Reached skill level 1 in Shapeshifting
  2216 | D:2      | Gained mutation: Spells you cast may paralyse adjacent
                  | enemies. [demonic ancestry]
  2216 | D:2      | Reached XP level 4. HP: 35/35 MP: 4/4
  2735 | D:3      | Found a runed translucent door.
  2739 | D:3      | Noticed Cadnt's ghost (amateur HuFi)
  2808 | D:3      | Found a burning altar of Makhleb.
  2809 | D:3      | Noticed an angel
  2809 | D:3      | Noticed a cacodemon
  2976 | D:3      | Found a basalt altar of Yredelemnul.
  3109 | D:3      | Found a runed translucent door.
  3187 | D:3      | HP: 1/35 [frozen (3)]
  3199 | D:3      | Gained mutation: Your touch may inflict minor irresistible
                  | damage on your foes. [demonic ancestry]
  3199 | D:3      | Reached XP level 5. HP: 18/41 MP: 5/5
  3570 | D:4      | Noticed an ogre
  3592 | D:4      | Killed an ogre
  3596 | D:4      | Reached skill level 4 in Unarmed Combat
  3788 | D:4      | Noticed an ogre
  3797 | D:4      | Slain by an ogre

Illustrated notes

Levels and vault maps discovered:
D:1:      kilobyte_arrival_exit_the_forest, layout_loops_corners,
          grunt_decor_junction
D:2:      layout_loops_corners, dk_noncrumbling_2, grunt_ministairs_8
D:3:      layout_rooms, grunt_temple_overflow_order_and_chaos_2,
          lemuel_tele_altar, ebering_ghost_sewer_f
D:4:      layout_basic, gammafunk_temple_overflow_pools,
          gammafunk_temple_overflow_elements, minmay_gold_behind_fungi

Skill      XL: |  1  2  3  4  5 |
---------------+----------------+-----
Unarmed Combat | 3 4 |  4.0
Evocations     | 1 2 |  2.9
Shapeshifting  | 1 2 |  2.2
Dodging        | 3 |  3.3
Fighting       | |  3.0

Action                     |  1- 3 |  4- 6 || total
---------------------------+-------+-------++-------
  Melee: Unarmed           |    88 |       ||    88
         Dagger            |    37 |   105 ||   142
         Touch             |       |     5 ||     5
         Punch             |       |     1 ||     1
    Use: Scroll            |     2 |     8 ||    10
         Potion            |     1 |     1 ||     2
 Armour: Robe              |    56 |    50 ||   106
  Dodge: Dodged            |    85 |    52 ||   137
